 Dungeon Crawl Stone Soup version 0.30-a0-439-g9e77e4d916 (webtiles) character file.

Game seed: 18317173977227738500

893 Emberiza the Cleaver (level 7, -1/57 HPs)
             Began as a Minotaur Berserker on Dec 10, 2022.
             Was a Priest of Trog.
             Slain by a jelly (2 damage)
             ... on level 5 of the Dungeon.
             The game lasted 00:06:18 (3692 turns).

Emberiza the Cleaver (Minotaur Berserker)           Turns: 3692, Time: 00:06:19

Health: -1/57      AC: -7    Str: 24    XL:     7   Next: 78%
Magic:  6/6        EV:  8    Int:  4    God:    Trog [***...]
Gold:   144        SH:  0    Dex:  9    Spells: 6/6 levels left

rFire   . . .      SeeInvis .    t - +0 war axe
rCold   . . .      Faith    .    (no shield)
rNeg    . . .      Spirit   .    u - +0 chain mail
rPois   .          Reflect  .    (helmet restricted)
rElec   .          Harm     .    (no cloak)
rCorr   .          Rampage  .    (no gloves)
Will    .....                    (no boots)
Stlth   ..........               (no amulet)
HPRegen 0.29/turn                c - +4 ring of protection
MPRegen 0.10/turn                (no ring)

@: corroded
A: horns 2, retaliatory headbutt
a: Renounce Religion, Berserk, Trog's Hand


You were on level 5 of the Dungeon.
You worshipped Trog.
Trog was most pleased with you.
You visited 1 branch of the dungeon, and saw 5 of its levels.
You also visited: Sewer.

You collected 144 gold pieces.

Inventory:

Hand Weapons
 a - a +0 hand axe
 t - a +0 war axe (weapon)
Missiles
 s - 6 poisoned darts (quivered)
Armour
 b - a +0 animal skin
 r - a +0 ring mail
 u - a +0 chain mail (worn)
Jewellery
 c - a +4 ring of protection (left hand)
 z - a ring of magical power
Wands
 q - a wand of flame (3)
Scrolls
 d - 2 scrolls of noise
 i - a scroll of immolation
 m - 2 scrolls of teleportation
 n - a scroll of summoning
 o - a scroll of magic mapping {unknown}
 w - 2 scrolls of enchant armour {unknown}
 x - a scroll of identify
 y - a scroll of poison {unknown}
Potions
 e - 6 potions of heal wounds
 f - a potion of mutation {unknown}
 g - 2 potions of degeneration {unknown}
 h - a potion of lignification {unknown}
 j - a potion of might {unknown}
 k - a potion of flight {unknown}
 l - a potion of cancellation {unknown}
 p - a potion of haste {unknown}
 v - 2 potions of attraction {unknown}


   Skills:
 - Level 3.6 Fighting
 + Level 11.2 Axes
 - Level 2.4 Armour
 - Level 2.1 Dodging


You had 6 spell levels left.
You didn't know any spells.
Your spell library was empty.

Dungeon Overview and Level Annotations

Branches:
Dungeon (5/15)              Sewer (visited)
 Temple: D:4-7

Altars:


Innate Abilities, Weirdness & Mutations

You have a pair of horns on your head.
You reflexively headbutt those who attack you in melee.


Message History

The jelly barely misses you. You furiously retaliate!
You headbutt the jelly, but do no damage.
You barely miss the jelly.
The jelly is severely wounded.
You closely miss the necrophage. The necrophage barely misses you.
The jelly hits you but does no damage.
You closely miss the necrophage.
The necrophage is heavily damaged.
You barely miss the jelly.
The necrophage hits you but does no damage.
The jelly hits you but does no damage.
You hit the necrophage.
The necrophage is severely damaged.
You hit the jelly but do no damage. The acid corrodes you!
Your hands burn!
The necrophage closely misses you. You furiously retaliate!
You headbutt the necrophage, but do no damage.
The jelly hits you. The acid corrodes you!
You are splashed with acid!
* * * LOW HITPOINT WARNING * * *
You are too injured to fight recklessly!
You are too injured to fight recklessly!
You hit the necrophage but do no damage.
Your headbutt misses the necrophage.
The necrophage is severely damaged.
You hit the jelly but do no damage.
Your hands burn!
* * * LOW HITPOINT WARNING * * *
The necrophage hits you.
* * * LOW HITPOINT WARNING * * *
The jelly hits you.
* * * LOW HITPOINT WARNING * * *
The acid corrodes you!
You are splashed with acid.
* * * LOW HITPOINT WARNING * * *
You are too injured to fight recklessly!
You closely miss the necrophage. Your headbutt misses the necrophage.
The necrophage is severely damaged.
You hit the jelly but do no damage.
Your hands burn!
* * * LOW HITPOINT WARNING * * *
The necrophage hits you.
* * * LOW HITPOINT WARNING * * *
The jelly hits you.
You die...

+....... ...# .. #.......
###..# .. ##.......
#....##...#..........
#....................
#..............8.....
....................
#J##............... .
##.@n........8.....#
....#...................
.........................
...###.###...............
. .........>............
.....###.#.#...........
##........#.#...........
.........##.#...........
.........##.............


You could see a necrophage and a jelly.

Vanquished Creatures
  Sigmund (D:3)
  A necrophage (D:5)
  A scorpion (D:4)
  A howler monkey (D:5)
  An orc priest (D:4)
  4 hounds (D:4)
  A bullfrog zombie (D:5)
  2 bullfrog skeletons (D:5)
  An iguana (D:5)
  Natasha (thrice) (D:2)
  7 adders
  4 river rats (D:4)
  An ufetubus (D:5)
  7 worms
  4 dart slugs
  15 orcs
  10 ball pythons
  6 endoplasms
  A giant cockroach (D:3)
  4 hobgoblins
  4 jackals (D:1)
  2 quokkas
  13 bats
  3 frilled lizards
  3 goblins (D:1)
  6 kobolds
  8 rats
114 creatures vanquished.

Vanquished Creatures (others)
  A withered plant (D:5)
1 creature vanquished.

Grand Total: 115 creatures vanquished

Notes
Turn   | Place    | Note
-------+----------+-------------------------------------------
     0 | D:1      | Emberiza the Minotaur Berserker began the quest for the
                  | Orb.
     0 | D:1      | Reached XP level 1. HP: 19/19 MP: 0/0
    40 | D:1      | Reached skill level 4 in Axes
   112 | D:1      | Reached XP level 2. HP: 26/26 MP: 1/1
   937 | D:2      | Reached skill level 5 in Axes
  1055 | D:2      | Reached XP level 3. HP: 31/31 MP: 2/2
  1107 | D:2      | Noticed Natasha
  1113 | D:2      | Killed Natasha
  1113 | D:2      | Reached ** piety under Trog
  1255 | D:2      | Noticed Natasha
  1267 | D:2      | Killed Natasha
  1268 | D:2      | Reached skill level 6 in Axes
  1268 | D:2      | Reached XP level 4. HP: 28/39 MP: 3/3
  1318 | D:2      | Noticed Natasha
  1321 | D:2      | Killed Natasha
  2049 | D:3      | Noticed Sigmund
  2054 | D:3      | Killed Sigmund
  2055 | D:3      | Reached skill level 8 in Axes
  2055 | D:3      | Reached XP level 5. HP: 45/45 MP: 4/4
  2055 | D:3      | Reached XP level 6. HP: 51/51 MP: 5/5
  2828 | D:4      | Reached skill level 9 in Axes
  2900 | D:4      | Reached *** piety under Trog
  2909 | D:4      | Found a glowing drain.
  2915 | Sewer    | Entered a sewer
  2950 | Sewer    | Noticed Pargi
  3049 | D:4      | Reached XP level 7. HP: 44/57 MP: 6/6
  3261 | D:4      | Reached skill level 10 in Axes
  3527 | D:5      | Entered Level 5 of the Dungeon
  3579 | D:5      | Reached skill level 11 in Axes
  3692 | D:5      | HP: 1/57 [necrophage (4)]
  3692 | D:5      | Slain by a jelly

Illustrated notes

Levels and vault maps discovered:
D:1:      nicolae_arrival_washed_ashore, layout_basic, chequers_hall_statues_y
D:2:      layout_basic, uniq_natasha
D:3:      layout_basic, kennysheep_nub, chequers_serial_rivers_large_b,
          uniq_sigmund
D:4:      layout_loops_ring, serial_glass, glass_columns_a, glass_columns_c,
          lightli_sewer_entry_pipes, minmay_misc_feat_iff, hangedman_decor_push
D:5:      layout_basic, kiku_gazebo_garden_becter, serial_undead,
          serial_undead_c, serial_undead_b, serial_undead_c, serial_undead_a,
          minivault_26, chequers_decorated_corner

Skill      XL: |  1  2  3  4  5  6  7 |
---------------+----------------------+-----
Axes           | 4 5 6 8 9 11 | 11.2
Fighting       | |  3.6
Armour         | |  2.4
Dodging        | |  2.1

Action                   |  1- 3 |  4- 6 |  7- 9 || total
-------------------------+-------+-------+-------++-------
Melee: Hand axe          |    59 |    55 |       ||   114
       Headbutt          |    10 |    15 |     9 ||    34
       War axe           |       |    73 |    64 ||   137
       Punch             |       |     1 |       ||     1
Invok: Berserk           |       |     2 |       ||     2
       Trog's Hand       |       |     1 |       ||     1
  Use: Scroll            |     2 |     4 |       ||     6
 Stab: Sleeping          |     1 |       |       ||     1
Armor: Animal skin       |    26 |    12 |       ||    38
       Chain mail        |       |    59 |    41 ||   100
       Ring mail         |       |     8 |       ||     8
Dodge: Dodged            |    51 |    88 |    30 ||   169

Table legend: (Time is in decaauts)
 A = Elapsed time spent in this place.
 B = Non-inter-level travel time spent in this place.
 C = Inter-level travel time spent in this place.
 D = Time resting spent in this place.
 E = Time spent auto-exploring this place.
 F = Levels seen in this place.
 G = Mean time per level.
                   A        B        C        D        E       F      G
               +--------+--------+--------+--------+--------+-----+--------+
         Total |   3776 |   3635 |    141 |      0 |   2844 |   6 |  629.3 |
       Dungeon |   3722 |   3581 |    141 |      0 |   2832 |   5 |  744.4 |
         Sewer |     54 |     54 |      0 |      0 |     12 |   1 |   54.0 |
               +--------+--------+--------+--------+--------+-----+--------+

Top non-repeatable levels by time:
     D:2: 1132 daAuts
     D:1: 920 daAuts
     D:4: 814 daAuts
     D:3: 692 daAuts
     D:5: 163 daAuts
   Sewer: 54 daAuts
